 Dungeon Crawl Stone Soup version 0.27.0-1-g7a089689b8 (webtiles) character file.

Game seed: 10931000500096942733

24 Anothat the Skirmisher (level 2, -1/27 HPs)
             Began as a Minotaur Fighter on July 31, 2021.
             Slain by Terence (7 damage)
             ... on level 2 of the Dungeon.
             The game lasted 00:01:33 (982 turns).

Anothat the Skirmisher (Minotaur Fighter)            Turns: 982, Time: 00:01:33

Health: -1/27      AC:  9    Str: 18 (20) XL:     2   Next: 79%
Magic:  1/1        EV:  7    Int:  2 (5)  God:
Gold:   66         SH:  0    Dex:  6 (9)  Spells: 1/1 levels left

rFire    . . .     SeeInvis .   a - +0 war axe
rCold    . . .     Faith    .   (no shield)
rNeg     . . .     Spirit   .   f - +0 chain mail
rPois    .         Reflect  .   (helmet restricted)
rElec    .         Harm     .   (no cloak)
rCorr    .         Rampage  .   (no gloves)
Will     .....                  (no boots)
Stlth    ..........             (no amulet)
HPRegen  0.09/turn              (no ring)
MPRegen  0.07/turn              (no ring)

@: no status effects
A: horns 2, retaliatory headbutt
a: no special abilities


You were on level 2 of the Dungeon.
You visited 1 branch of the dungeon, and saw 2 of its levels.

You collected 66 gold pieces.

Inventory:

Hand Weapons
 a - a +0 war axe (weapon)
Armour
 b - a +0 scale mail
 c - a +0 kite shield
 f - a +0 chain mail (worn)
Potions
 d - a potion of might
 e - a potion of degeneration


   Skills:
 + Level 4.0 Fighting
 * Level 3.4 Axes
 + Level 4.0 Armour
 - Level 3.6 Shields


You had one spell level left.
You didn't know any spells.
Your spell library contained the following spells:

 Spells                   Type           Power      Damage    Failure   Level
 Shock                    Conj/Air       0%         1d3       100%        1
 Swiftness                Air            0%         N/A       100%        3
 Airstrike                Air            0%         N/A       100%        4


Dungeon Overview and Level Annotations

Branches:
Dungeon (2/15)

Altars:
Uskayaw

Annotations:
D:2 Terence


Innate Abilities, Weirdness & Mutations

You have a pair of horns on your head.
You reflexively headbutt those who attack you in melee.


Message History

Partly explored, can't reach some places.
(D) Dungeon
Where to? (? - help)
There is a stone staircase leading down here.
You climb downwards.
Found a spear.
There is a stone staircase leading up here.
Found a rapier.
You see here a +0 spear.
A frilled lizard comes into view.
The frilled lizard hisses angrily.
A frilled lizard is nearby!
You barely miss the frilled lizard.
The frilled lizard bites you but does no damage.
You miss the frilled lizard.
The frilled lizard bites you but does no damage.
You slash the frilled lizard!
You kill the frilled lizard!
No target in view!
Found a hide-covered altar of Uskayaw.
Found an escape hatch in the ceiling.
No target in view!
Terence the Incautious comes into view.
He is wielding a +4 trident.
Terence shouts!
Terence is nearby!
Found a scroll labelled BIQA ULAKA and 7 boomerangs.
Terence hits you from afar with a +4 trident!
Terence barely misses you.
You slash Terence! Your headbutt misses Terence.
Terence is moderately wounded.
Terence hits you with a +4 trident! Terence hits you with a +4 trident.
* * * LOW HITPOINT WARNING * * *
Okay, then.
You aren't carrying any scrolls.
Okay, then.
It was a potion of degeneration.
There was something very wrong with that liquid.
You feel weakened.
You feel dopey.
You feel clumsy. Terence hits you with a +4 trident!
You die...

#............
##########.._..###.###
#.....................
#.######.......###.###
..#.####<## #.###
#?#....#.# #....
########.#..#.#.#
.####
#........#....#.# . #
#@@......#.# ####
#......#......#.. ....
..............### ####
#.#......#..#...# #
#........#........
..(...........###..
####.######..... . #.
#..###


You could see Terence.

Vanquished Creatures
  A dart slug (D:1)
  3 bats (D:1)
  An endoplasm (D:1)
  2 giant cockroaches (D:1)
  3 goblins (D:1)
  2 hobgoblins (D:1)
  A quokka (D:1)
  3 ball pythons (D:1)
  A frilled lizard (D:2)
  A kobold (D:1)
  2 rats (D:1)
  A spectral kobold (D:1)
21 creatures vanquished.

Notes
Turn   | Place    | Note
-------+----------+-------------------------------------------
     0 | D:1      | Anothat the Minotaur Fighter began the quest for the Orb.
     0 | D:1      | Reached XP level 1. HP: 19/19 MP: 0/0
   418 | D:1      | Reached XP level 2. HP: 27/27 MP: 1/1
   560 | D:1      | Found a faded altar of an unknown god.
   954 | D:2      | Found a hide-covered altar of Uskayaw.
   976 | D:2      | Noticed Terence
   982 | D:2      | Slain by Terence

Illustrated notes

Levels and vault maps discovered:
D:1:      kilobyte_arrival_exit_the_forest, layout_loops_ring,
          dreamdust_ecumenical_altar_drowned_temple
D:2:      layout_basic, basic_altar, uniq_terence, uniq_jessica

Skill      XL: |  1  2 |
---------------+-------+-----
Axes           | 3 |  3.4
Fighting       | 4 |  4.0
Armour         | 4 |  4.0
Shields        | |  3.6

Action                   || total
-------------------------++-------
Melee: War axe           ||    51
       Headbutt          ||     6
  Use: Potion            ||     1
Armor: Scale mail        ||    15
       Chain mail        ||    31
Dodge: Dodged            ||    22
